 Dungeon Crawl Stone Soup version 0.18.1-51-gd549091e01 (webtiles) character file.

496 magog001 the Covered (level 6, -2/55 HPs)
             Began as a Minotaur Fighter on Oct 14, 2022.
             Slain by Pikel
             ... wielding a +2 whip of electrocution
              (14 damage)
             ... on level 4 of the Dungeon.
             The game lasted 00:22:41 (4535 turns).

magog001 the Covered (Minotaur Fighter)             Turns: 4535, Time: 00:22:42

Health: -2/55      AC: 15    Str: 27    XL:     6   Next: 93%
Magic:  5/5        EV:  7    Int:  5    God:
Gold:   232        SH: 11    Dex: 10    Spells: 0 memorised, 5 levels left

rFire  . . .     SeeInvis .     q - +2 mace (protect)
rCold  . . .     Gourm    .     C - +0 chain mail
rNeg   . . .     Faith    .     c - +1 shield
rPois  .         Spirit   .     (helmet restricted)
rElec  .         Dismiss  .     (no cloak)
rCorr  .         Reflect  .     (no gloves)
SustAt .         Harm     .     (no boots)
MR     .....                    (no amulet)
Stlth  ..........               (no ring)
                                (no ring)

@: mighty, not resistant to hostile enchantments, extremely unstealthy
A: retaliatory headbutt, horns 2
a: no special abilities


You were on level 4 of the Dungeon.
You were not hungry.

You visited 1 branch of the dungeon, and saw 4 of its levels.

You collected 232 gold pieces.

Inventory:

Hand Weapons
 d - a +1 dagger of protection
 q - a +2 mace of protection (weapon)
 x - a cursed -3 dagger
Missiles
 b - 8 needles of paralysis
 e - 52 stones (quivered)
 g - 12 poisoned needles
 y - 26 sling bullets
Armour
 c - a +1 shield (worn)
 C - a +0 chain mail (worn)
Jewellery
 s - an uncursed ring of protection from fire {unknown}
Scrolls
 j - 3 scrolls of fog {unknown}
 l - a scroll of identify
 o - a scroll of teleportation
 r - a scroll of amnesia {unknown}
 t - 4 scrolls of remove curse
Potions
 a - 3 potions of magic
 h - a potion of experience {unknown}
 k - a potion of heal wounds {unknown}
 n - a potion of ambrosia {unknown}
 w - a potion of agility {unknown}
 z - a potion of invisibility {unknown}
 A - a potion of brilliance {unknown}
Comestibles
 f - 3 bread rations
 m - 6 chunks of flesh
 p - a meat ration


   Skills:
 * Level 4.9 Fighting
   Level 3.0(3.1) Axes
 + Level 1.0(2.2) Maces & Flails
 * Level 1.3 Throwing
 * Level 6.4 Armour
 - Level 2.1 Dodging
 * Level 5.6 Shields


You had 5 spell levels left.
You didn't know any spells.

Dungeon Overview and Level Annotations

Branches:
Dungeon (4/15)
 Temple: D:4-7

Altars:
Pakellas

Shops:
D:2 }

Annotations:
D:4 Pikel


Innate Abilities, Weirdness & Mutations

You reflexively headbutt those who attack you in melee.
You have a pair of horns on your head.


Message History

You block Pikel's attack.
The slave hits you but does no damage. x2
The slave hits you. Pikel hits you but does no damage.
You are electrocuted!
* * * LOW HITPOINT WARNING * * *
You barely miss Pikel. Your headbutt misses Pikel.
Pikel is lightly wounded.
The slave hits you.
* * * LOW HITPOINT WARNING * * *
The slave hits you.
* * * LOW HITPOINT WARNING * * *
The slave hits you but does no damage. You block Pikel's attack.
Drink which item? (? for menu, Esc to quit)
You feel better. The slave hits you but does no damage.
You block the slave's attack. x2; Pikel closely misses you.
Drink which item? (? for menu, Esc to quit)
You feel very mighty all of a sudden.
The orc wizard mumbles some strange words.
The orc wizard blinks!
The slave hits you but does no damage. The slave barely misses you.
You block the slave's attack. Pikel hits you but does no damage.
You are electrocuted!
You die...

######## ####### #......#
#.....# #......# #.....#
#......# #o....###
#......# #.......#
###......####...pp..#####
................@pp......
##.......########K..#####
#.####### #ยง..# #.#
#...# #.# #...# #.# #...#
##'#### ....# ......#
.o.### ......# .o..#


You could see Pikel, 4 slaves and an orc wizard.

Vanquished Creatures
  Menkaure (D:4)
  The ghost of Ge0ff the Sneak, an amateur HEEn (D:3)
  A scorpion (D:4)
  A howler monkey (D:4)
  An orc wizard (D:4)
  7 adders
  An ooze (D:3)
  6 worms
  4 dart slugs
  2 giant geckos (D:2)
  11 orcs
  2 giant cockroaches
  10 goblins
  10 hobgoblins
  6 jackals
  A kobold (D:3)
  2 quokkas (D:3)
  11 bats
  4 giant newts
  A jackal skeleton (D:4)
  9 rats
92 creatures vanquished.

Notes
Turn   | Place    | Note
--------------------------------------------------------------
     0 | D:1      | magog001 the Minotaur Fighter began the quest for the Orb.
     0 | D:1      | Reached XP level 1. HP: 19/19 MP: 0/0
   285 | D:1      | Reached skill level 4 in Armour
   356 | D:1      | Reached XP level 2. HP: 27/27 MP: 1/1
  1281 | D:2      | Reached XP level 3. HP: 33/33 MP: 2/2
  1597 | D:2      | Reached skill level 1 in Dodging
  1715 | D:2      | Reached XP level 4. HP: 23/40 MP: 3/3
  1919 | D:2      | Found an oddly glowing altar of Pakellas.
  1919 | D:2      | Found Pakellas's Prime Provisions.
  2563 | D:3      | Noticed Ge0ff's ghost (amateur HEEn)
  2575 | D:3      | Killed Ge0ff's ghost
  2575 | D:3      | Reached skill level 5 in Armour
  2575 | D:3      | Reached XP level 5. HP: 44/46 MP: 4/4
  3600 | D:4      | Reached skill level 6 in Armour
  3600 | D:4      | Reached XP level 6. HP: 51/53 MP: 5/5
  3613 | D:4      | Reached skill level 5 in Shields
  3930 | D:4      | Noticed Menkaure
  3940 | D:4      | Killed Menkaure
  3940 | D:4      | Reached skill level 1 in Maces & Flails
  3940 | D:4      | Reached skill level 1 in Throwing
  4512 | D:4      | Noticed a slave
  4520 | D:4      | Noticed Pikel
  4521 | D:4      | Noticed a slave
  4522 | D:4      | Noticed a slave
  4524 | D:4      | Noticed a slave
  4535 | D:4      | Slain by Pikel

Skill      XL: |  1  2  3  4  5  6 |
---------------+-------------------+-----
Armour         | 4 5 6 |  6.4
Shields        | 4 5 |  5.6
Dodging        | 1 2 |  2.1
Fighting       | 4 |  4.9
Axes           | 3 |  3.0
Maces & Flails | 1 |  1.0
Throwing       | 1 |  1.3

Action                   |  1- 3 |  4- 6 || total
-------------------------+-------+-------++-------
Melee: War axe           |    90 |    67 ||   157
       Headbutt          |    16 |    23 ||    39
       Mace              |       |    84 ||    84
  Use: Potion            |       |     4 ||     4
       Scroll            |       |    10 ||    10
  Eat: Chunk             |     1 |     8 ||     9
       Meat ration       |       |     1 ||     1
Armor: Scale mail        |    41 |    21 ||    62
       Chain mail        |       |    64 ||    64
Dodge: Dodged            |    33 |    58 ||    91
Block: Shield            |    63 |    98 ||   161
